 Dungeon Crawl Stone Soup version 0.31-a0-986-g5e6e4ef867 (webtiles) character file.

Game seed: 7879696468858085459

16926 FakeRyeBread the Grappler (level 12, -1/122 HPs)
             Began as a Troll Fighter on Nov 15, 2023.
             Was a Priest of Wu Jian.
             Slain by a slime creature (13 damage)
             ... on level 12 of the Dungeon.
             The game lasted 00:30:04 (11357 turns).

FakeRyeBread the Grappler (Troll Fighter)          Turns: 11357, Time: 00:30:05

Health: -1/122     AC: 14    Str: 27    XL:     12   Next: 14%
Magic:  11/11      EV: 10    Int:  8    God:    Wu Jian [***...]
Gold:   689        SH: 10    Dex:  9    Spells: 11/11 levels left

rFire   . .          .
                       - Unarmed
rCold   . . .        b - +0 kite shield
rNeg    . . .        O - +0 acid dragon scales
rPois   +            (helmet restricted)
rElec   .            d - +1 cloak {rPois}
rCorr   +            (gloves unavailable)
SInv    .            (boots unavailable)
Will    .....        (no amulet)
Stlth   +            k - ring of flight
HPRegen 1.20/turn    w - +4 ring of protection
MPRegen 0.12/turn

%: no passive effects
@: flying, studying Evocations
A: large, unfitting armour, claws 3, regeneration 1, shaggy fur 1, tough skin 1
a: Renounce Religion, Wall Jump, Serpent's Lash


You were on level 12 of the Dungeon.
You worshipped Wu Jian.
Wu Jian was most pleased with you.
You visited 2 branches of the dungeon, and saw 13 of its levels.
You also visited: Sewer and Bailey.

You collected 689 gold pieces.

Inventory:

Missiles
 h - 22 poisoned darts
 l - 94 stones
 q - 4 silver javelins
 s - 13 boomerangs
 M - 6 large rocks
 N - 5 throwing nets
Armour
 b - a +0 kite shield (worn)
 d - a +1 cloak of poison resistance (worn)
 L - +0 swamp dragon scales
 O - +0 acid dragon scales (worn)
Jewellery
 e - a ring of wizardry
 k - a ring of flight (left claw)
 w - a +4 ring of protection (right claw)
 F - a ring of protection from cold
 J - an amulet of magic regeneration
Wands
 v - a wand of roots (5)
 y - a wand of digging (3)
 C - a wand of flame (24)
 G - a wand of mindburst (4) (quivered)
 I - a wand of acid (2)
Scrolls
 a - a scroll of poison
 f - 8 scrolls of teleportation
 o - 4 scrolls of vulnerability
 t - 2 scrolls of immolation
 A - 5 scrolls of amnesia
 B - 3 scrolls of fog
 P - a scroll of noise {unknown}
 Q - a scroll of butterflies {unknown}
Potions
 c - 3 potions of might
 g - 5 potions of curing
 i - 2 potions of heal wounds
 j - 2 potions of brilliance
 m - 4 potions of invisibility
 n - 2 potions of enlightenment
 p - 6 potions of mutation
 r - a potion of cancellation
 u - 2 potions of resistance
 x - a potion of haste
 z - a potion of magic {unknown}
 D - 2 potions of ambrosia
 E - 2 potions of lignification {unknown}
 H - 2 potions of berserk rage
 K - 2 potions of attraction {unknown}


   Skills:
 + Level 8.3 Fighting
 + Level 6.4 Dodging
 + Level 9.0 Shields
 * Level 13.2 Unarmed Combat
 - Level 3.0 Evocations


You had 11 spell levels left.
You didn't know any spells.
Your spell library contained the following spells:

 Spells                   Type           Power      Damage    Failure   Level
 Static Discharge         Conj/Air       0%         3-3/arc   80%         2
 Dazzling Flash           Conj/Hex       0%         N/A       95%         3
 Stone Arrow              Conj/Erth      0%         3d7       95%         3
 Tukima's Dance           Hex            0%         N/A       95%         3
 Airstrike                Air            0%         2d(0-16)  100%        4
 Animate Armour           Summ/Erth      0%         N/A       100%        4
 Dimensional Bullseye     Hex/Tloc       0%         N/A       100%        4
 Iskenderun's Mystic Bla  Conj/Tloc      0%         2d3       100%        4
 Summon Lightning Spire   Summ/Air       0%         N/A       100%        4
 Agony                    Necr           0%         N/A       100%        5
 Silence                  Hex/Air        0%         N/A       100%        5
 Lehudib's Crystal Spear  Conj/Erth      0%         10d2      100%        8


Dungeon Overview and Level Annotations

Branches:
Dungeon (12/15)            Temple (1/1) D:6            Lair (0/5) D:9
    Orc (0/2) D:9           Sewer (visited)          Bailey (visited)

Altars:
Ashenzari
Cheibriados
Dithmenos
Elyvilon
Fedhas
Gozag
Hepliaklqana
Kikubaaqudgha
Makhleb
Nemelex Xobeh
Okawaru
Qazlal
Ru
Sif Muna
Trog
Uskayaw
Vehumet
Wu Jian
Xom
Yredelemnul
Zin
The Shining One

Annotations:
D:7 1 runed translucent door
D:10 2 transporters
D:11 3 runed translucent doors, snackwell's ghost, journeyman DgHu


Innate Abilities, Weirdness & Mutations

You are too large for most types of armour.
You have claws for hands.
Your natural rate of healing is unusually fast.
You are covered in fur. (AC +1)
You have tough skin. (AC +1)


Message History

You scratch the large slime creature but do no damage.
A large slime creature splits.
You mangle the slime creature!!
The slime creature is moderately wounded.
Two slime creatures merge to form a large slime creature.
You mangle the large slime creature!!
The large slime creature is moderately wounded.
The slime creature hits you. The large slime creature hits you!
Two slime creatures merge to form a large slime creature.
You scratch the large slime creature.
The large slime creature is moderately wounded.
The slime creature barely misses you.
The large slime creature closely misses you.
You mangle the large slime creature!!
The large slime creature is heavily wounded.
The slime creature hits you but does no damage.
You mangle the slime creature!!
The slime creature is heavily wounded.
The large slime creature closely misses you.
You block the slime creature's attack.
You mangle the slime creature!!
The slime creature is almost dead.
The large slime creature hits you.
Two slime creatures merge to form an enormous slime creature.
The slime creature hits you but does no damage.
You scratch the enormous slime creature.
The enormous slime creature is moderately wounded.
You barely miss the enormous slime creature.
The enormous slime creature is moderately wounded.
You block the slime creature's attack. The enormous slime creature hits you!!
You mangle the enormous slime creature!!
The enormous slime creature is heavily wounded.
You block the slime creature's attack. The enormous slime creature hits you!!!
Ouch! That really hurt!
* * * LOW HITPOINT WARNING * * *
Something shouts, "Crawl home, thou bootless ill-nurtured nert!"
You barely miss the enormous slime creature.
The enormous slime creature is heavily wounded.
The slime creature hits you!
You die...

#....##....# #....##....+ .
#....##....# .. #....# ...# ..§
#....# ..# §§§§ #....#
.....###+####.†..#
.....ZJJ...##....# #@.........##
#.. #...........###### #...
#................. #..
#..#.#.####.....#. #.#
#.###.............#
########.#####........)........#
................###............#
..........)......................
........................##.......


You could see an enormous slime creature, a slime creature and a centaur warrior
simulacrum.

Vanquished Creatures
  Harold (D:10)
  5 two-headed ogres
  A tengu warrior (D:8)
  A fire crab (shapeshifter) (D:10)
  Pikel (D:7)
  An ugly thing (D:11)
  An orc knight (Bailey)
  A cyclops (D:11)
  A gargoyle (D:12)
  Jeremiah (D:9)
  An unseen horror (D:12)
  Maggie (D:10)
  A komodo dragon (D:10)
  A troll (D:11)
  A polar bear (D:12)
  A hornet (D:8)
  9 yaks
  2 ynoxinuls (D:11)
  2 vampires (D:11)
  A wyvern (D:11)
  7 vampire mosquitoes (D:11)
  A wraith (D:11)
  2 steam dragons
  Edmund (D:4)
  An acid dragon (D:10)
  2 water moccasins
  A meliai simulacrum (D:12)
  An ice beast (D:8)
  9 orc warriors
  A black bear (D:7)
  A sky beast (D:7)
  6 centaurs
  2 phantoms (D:5)
  3 kobold brigands
  8 scorpions
  A gnoll sergeant (D:11)
  2 jellies
  8 wights (D:8)
  7 killer bees
  3 howler monkeys (D:10)
  2 electric eels
  8 orc priests
  A gnoll bouda (D:8)
  7 iguanas
  Crazy Yiuf (D:2)
  A sleepcap (D:5)
  16 orc wizards
  14 adders
  10 gnolls
  4 river rats (D:3)
  A shadow imp (D:5)
  3 white imps
  11 ufetubi
  4 worms (D:3)
  2 dart slugs
  44 orcs
  8 bats
  10 endoplasms
  9 giant cockroaches
  4 goblins
  5 hobgoblins
  2 quokkas
  8 ball pythons
  8 frilled lizards
  18 kobolds
  14 rats
  A butterfly (D:7)
317 creatures vanquished.

Notes
Turn   | Place    | Note
-------+----------+-------------------------------------------
     0 | D:1      | FakeRyeBread the Troll Fighter began the quest for the Orb.
     0 | D:1      | Reached XP level 1. HP: 22/22 MP: 0/0
   183 | D:1      | Reached XP level 2. HP: 18/29 MP: 1/1
   491 | D:1      | Found a faded altar of an unknown god.
  1338 | D:2      | Reached XP level 3. HP: 33/36 MP: 2/2
  1366 | D:2      | Reached skill level 3 in Unarmed Combat
  1450 | D:2      | Reached XP level 4. HP: 31/44 MP: 3/3
  1797 | D:2      | Found a runed translucent door.
  1798 | D:2      | Noticed Crazy Yiuf
  2092 | D:2      | Killed Crazy Yiuf
  2353 | D:3      | Reached XP level 5. HP: 52/53 MP: 4/4
  2378 | D:3      | Reached skill level 4 in Unarmed Combat
  2519 | D:3      | Found a sacrificial altar of Ru.
  2630 | D:3      | Found a glowing drain.
  2634 | Sewer    | Entered a sewer
  2677 | Sewer    | Reached XP level 6. HP: 61/61 MP: 5/5
  2872 | Sewer    | Reached skill level 5 in Unarmed Combat
  3321 | D:4      | Found an ornate altar of the Wu Jian Council.
  3401 | D:4      | Noticed Edmund
  3418 | D:4      | Killed Edmund
  3419 | D:4      | Reached XP level 7. HP: 30/68 MP: 6/6
  3627 | D:4      | Found a white marble altar of Elyvilon.
  3711 | D:4      | Found a shimmering altar of Xom.
  3939 | D:5      | Entered Level 5 of the Dungeon
  3981 | D:5      | Reached skill level 6 in Unarmed Combat
  4221 | D:5      | Reached skill level 5 in Shields
  4221 | D:5      | Reached XP level 8. HP: 79/79 MP: 7/7
  4223 | D:5      | Reached skill level 7 in Unarmed Combat
  4623 | D:5      | Found a hazy altar of Hepliaklqana.
  4955 | D:6      | Found a stormy altar of Qazlal.
  5107 | D:6      | Reached skill level 5 in Fighting
  5186 | D:6      | Reached skill level 8 in Unarmed Combat
  5487 | D:6      | Identified the +6 rapier of Impatience {speed, Will+}
  5800 | D:6      | Found a staircase to the Ecumenical Temple.
  5904 | Temple   | Entered the Ecumenical Temple
  6093 | D:4      | Became a worshipper of the Wu Jian Council
  6199 | D:7      | Noticed Pikel
  6217 | D:7      | Killed Pikel
  6218 | D:7      | Reached skill level 9 in Unarmed Combat
  6218 | D:7      | Reached XP level 9. HP: 76/89 MP: 8/8
  6449 | D:7      | Found a radiant altar of Vehumet.
  6603 | D:7      | Found a runed translucent door.
  6607 | D:7      | Found a runed translucent door.
  6828 | D:7      | Reached * piety under Wu Jian
  7180 | D:8      | Reached skill level 10 in Unarmed Combat
  7287 | D:8      | Noticed a tengu warrior
  7342 | D:8      | Killed a tengu warrior
  7343 | D:8      | Reached XP level 10. HP: 48/100 MP: 9/9
  7538 | D:8      | Found a flagged portal.
  7545 | Bailey   | Entered a bailey
  7566 | Bailey   | Reached ** piety under Wu Jian
  7787 | Bailey   | Noticed an orc knight
  7809 | Bailey   | Killed an orc knight
  7810 | Bailey   | Reached skill level 11 in Unarmed Combat
  8311 | D:8      | Acquired a manual of Evocations
  8348 | D:9      | Identified the +0 chain mail "Voecsupp" {rElec rC+ Will-}
  8501 | D:9      | Found a staircase to the Lair.
  8517 | D:9      | Found a staircase to the Orcish Mines.
  8539 | D:9      | Noticed a two-headed ogre
  8923 | D:9      | Killed a two-headed ogre
  8924 | D:9      | Reached skill level 1 in Evocations
  8976 | D:9      | Identified the +1 dagger "Eviscerator" {heavy, rF+ MP+9
                  | Str+3}
  8976 | D:9      | Noticed Jeremiah
  9031 | D:9      | Killed Jeremiah
  9032 | D:9      | Reached skill level 5 in Dodging
  9032 | D:9      | Reached XP level 11. HP: 75/108 MP: 10/10
  9318 | D:10     | Entered Level 10 of the Dungeon
  9404 | D:10     | a culicivora changed into a fire crab
  9404 | D:10     | Noticed a fire crab (shapeshifter)
  9412 | D:10     | Killed a fire crab
  9456 | D:10     | Noticed Maggie
  9467 | D:10     | Killed Maggie
  9544 | D:10     | Noticed a two-headed ogre
  9552 | D:10     | Killed a two-headed ogre
  9611 | D:10     | You are sucked into a shaft and drop 1 floor!
  9625 | D:11     | Reached *** piety under Wu Jian
  9630 | D:11     | Reached skill level 12 in Unarmed Combat
  9696 | D:11     | Noticed a red ugly thing
  9702 | D:11     | Killed a red ugly thing
  9721 | D:11     | Noticed a two-headed ogre
  9731 | D:11     | Killed a two-headed ogre
  9889 | D:11     | Noticed a frost giant
  9889 | D:11     | Noticed snackwell's ghost (journeyman DgHu)
  9890 | D:11     | Found a runed translucent gate.
  9891 | D:11     | Found a runed translucent gate.
  9892 | D:11     | Found a runed translucent gate.
 10735 | D:10     | Found a transporter.
 10752 | D:10     | Found a transporter.
 10869 | D:10     | Noticed Harold
 10875 | D:10     | Killed Harold
 10897 | D:10     | Found an ancient bone altar of Kikubaaqudgha.
 10967 | D:10     | Found a snail-covered altar of Cheibriados.
 10973 | D:10     | Noticed a two-headed ogre
 10980 | D:10     | Killed a two-headed ogre
 10981 | D:10     | Reached skill level 13 in Unarmed Combat
 11133 | D:12     | Noticed a two-headed ogre
 11137 | D:12     | Killed a two-headed ogre
 11138 | D:12     | Reached XP level 12. HP: 108/120 MP: 11/11
 11357 | D:12     | Slain by a slime creature

Illustrated notes

Levels and vault maps discovered:
D:1:      dpeg_arrival_three_bigger_balls, layout_loops_ring,
          ebering_ecumenical_altar_hall
D:2:      layout_rooms, uniq_crazy_yiuf_cottage
D:3:      layout_basic, lemuel_coloured_pillars_altar,
          lightli_sewer_entry_pipes, wad_floor_pattern_untrapped,
          supply_closet_lemuel
D:4:      layout_gridville, mainiacjoe_overflow_catwalk,
          mainiacjoe_overflow_brackets, kennysheep_mini, minmay_misc_feat_room,
          hangedman_decor_peaks_small, item_on_display_a, uniq_edmund
D:5:      layout_basic, nzn_hepliaklqana_mist_gate
D:6:      layout_basic, grunt_qazlal_clouds,
          minmay_temple_entry_enclosed_plants, blue_anna_alchemist, st_stairs_1,
          hangedman_decor_growths
D:7:      lemuel_insect_pit, layout_gridville, mainiacjoe_overflow_paths,
          uniq_pikel
D:8:      layout_loops_ring, enter_bailey_2, kennysheep_island_fort
D:9:      layout_irregular_city, lair_entry_dummy, orc_0_dummy,
          serial_column_ruins, column_ruins_open_tiny, column_ruins_open_small,
          column_ruins_columns_straight, column_ruins_open_small,
          nicolae_twisty_statue_hallways, uniq_jeremiah
D:10:     layout_roguey, cheibriados_altar_2, mainiacjoe_overflow_chevrons,
          gammafunk_ghost_abyssal_escape, hangedman_decor_points,
          amcnicky_mini_rare_corridor_liquid, nicolae_fort_ynox, uniq_maggie,
          uniq_harold
D:11:     kennysheep_six_static_rooms, layout_long_grid, gammafunk_ghost_split
D:12:     layout_stronghold, serial_ice, serial_ice_m, serial_ice_n,
          serial_ice_j, serial_ice_e
Temple:   dshaligram_water_room_temple

Skill      XL: |  1  2  3  4  5  6  7  8  9 10 11 12 |
---------------+-------------------------------------+-----
Shields        | 3 4 5 6 7 8 9 |  9.0
Unarmed Combat | 3 4 5 6 9 10 11 13 | 13.2
Fighting       | 3 4 5 6 7 8 |  8.3
Dodging        | 3 5 6 |  6.4
Evocations     | 1 3 |  3.0

Action                     |  1- 3 |  4- 6 |  7- 9 | 10-12 || total
---------------------------+-------+-------+-------+-------++-------
  Melee: Unarmed           |    89 |   209 |   323 |   443 ||  1064
  Throw: Stone             |       |     4 |    17 |       ||    21
         Dart              |       |       |     3 |       ||     3
Ability: Lunge             |       |       |    10 |    34 ||    44
         Whirlwind         |       |       |     6 |    39 ||    45
  Evoke: Wand              |       |       |       |    11 ||    11
    Use: Scroll            |       |     8 |     7 |     7 ||    22
         Potion            |       |       |     4 |     1 ||     5
   Stab: Sleeping          |     1 |     4 |       |     1 ||     6
 Armour: Robe              |    47 |   105 |   252 |   124 ||   528
         Swamp dragon scal |       |       |       |   164 ||   164
         Acid dragon scale |       |       |       |    65 ||    65
  Dodge: Dodged            |    25 |    56 |   123 |   202 ||   406
  Block: Kite shield       |    25 |    84 |   139 |   227 ||   475

Table legend: (Time is in decaauts)
 A = Elapsed time spent in this place.
 B = Non-inter-level travel time spent in this place.
 C = Inter-level travel time spent in this place.
 D = Time resting spent in this place.
 E = Time spent auto-exploring this place.
 F = Levels seen in this place.
 G = Mean time per level.
                   A        B        C        D        E       F      G
               +--------+--------+--------+--------+--------+-----+--------+
         Total |  11334 |   9048 |   2286 |    440 |   5912 |  15 |  755.6 |
       Dungeon |  10446 |   8253 |   2193 |    440 |   5753 |  12 |  870.5 |
        Temple |     93 |      0 |     93 |      0 |      0 |   1 |   93.0 |
         Sewer |    330 |    330 |      0 |      0 |    159 |   1 |  330.0 |
        Bailey |    464 |    464 |      0 |      0 |      0 |   1 |  464.0 |
               +--------+--------+--------+--------+--------+-----+--------+

Top non-repeatable levels by time:
     D:1: 1319 daAuts
     D:5: 1066 daAuts
     D:6: 1044 daAuts
     D:9: 999 daAuts
    D:11: 934 daAuts
     D:7: 890 daAuts
     D:2: 854 daAuts
     D:8: 812 daAuts
     D:3: 798 daAuts
    D:10: 778 daAuts
     D:4: 707 daAuts
  Bailey: 464 daAuts
   Sewer: 330 daAuts
    D:12: 239 daAuts
  Temple: 93 daAuts
